 Dungeon Crawl Stone Soup version 0.25-a0-661-g55ea3d2 (webtiles) character file.

Game seed: 4660315663310081995, levelgen mode: deterministic

179 MrTaco21 the Cudgeler (level 5, 0/32 HPs)
             Began as a Gargoyle Fighter on Mar 23, 2020.
             Killed from afar by an orc wizard (5 damage)
             ... with a magic dart
             ... on level 3 of the Dungeon.
             The game lasted 00:02:58 (2432 turns).

MrTaco21 the Cudgeler (Gargoyle Fighter)            Turns: 2432, Time: 00:02:59

Health: 0/32       AC: 12    Str: 20    XL:     5   Next: 59%
Magic:  5/5        EV:  7    Int:  9    God:
Gold:   139        SH:  9    Dex:  9    Spells: 4/4 levels left

rFire    . . .     SeeInvis .   a - +0 flail
rCold    . . .     Gourm    .   c - +0 kite shield
rNeg     + . .     Faith    .   b - +0 scale mail
rPois    ∞         Spirit   .   (no helmet)
rElec    +         Reflect  .   (no cloak)
rCorr    .         Harm     .   f - +0 pair of gloves
MR       .....                  (no boots)
Stlth    ..........             (no amulet)
HPRegen  0.10/turn              (no ring)
MPRegen  0.09/turn              (no ring)

@: no status effects
A: negative energy resistance 1, electricity resistance, unbreathing,
petrification resistance, rot immunity, AC +4
a: no special abilities


You were on level 3 of the Dungeon.
You were not hungry.

You visited 1 branch of the dungeon, and saw 3 of its levels.

You collected 139 gold pieces.

Inventory:

Hand Weapons
 a - a +0 flail (weapon)
Missiles
 h - 19 poisoned darts (quivered)
Armour
 b - a +0 scale mail (worn)
 c - a +0 kite shield (worn)
 f - a +0 pair of gloves (worn)
   (You found it on level 1 of the Dungeon)
Scrolls
 g - 10 scrolls of identify {unknown}
 j - a scroll of magic mapping {unknown}
 k - a scroll of fog {unknown}
 m - a scroll of teleportation {unknown}
 n - a scroll of remove curse {unknown}
Potions
 d - a potion of might
 i - a potion of berserk rage {unknown}
 l - 2 potions of curing {unknown}
 o - a potion of haste {unknown}
 p - a potion of degeneration {unknown}
 q - a potion of brilliance {unknown}
Comestibles
 e - 7 rations {!d}
 r - 3 chunks of flesh


   Skills:
 - Level 3.2 Fighting
 + Level 5.6 Maces & Flails
 - Level 3.2 Armour
 - Level 3.2 Shields


You had 4 spell levels left.
You didn't know any spells.
Your spell library contained the following spells:

 Spells                   Type           Power        Failure   Level  Hunger
 Ice Form                 Ice/Tmut       #.......     100%        4    #####..
 Metabolic Englaciation   Hex/Ice        #.........   100%        5    ######.
 Freezing Cloud           Conj/Ice/Air   #.........   100%        6    #######
 Ozocubu's Refrigeration  Ice            #.........   100%        6    #######
 Simulacrum               Ice/Necr       #.........   100%        6    #######


Dungeon Overview and Level Annotations

Branches:
Dungeon (3/15)

Altars:
Gozag
Hepliaklqana
Kikubaaqudgha
Sif Muna
Yredelemnul


Innate Abilities, Weirdness & Mutations

You are resistant to torment.
Your stone body is resilient. (AC +4)
You are immune to poison.
You resist negative energy. (rN+)
You are resistant to electric shocks. (rElec)
You can survive without breathing.
You are immune to petrification.
You are immune to rotting.


Message History

No target in view!
No target in view!
Things that are here:
a +0 club; a +0 leather armour; a quokka corpse You butcher the quokka corpse.
r - 3 chunks of flesh (gained 2)
Things that are here:
a +0 club; a +0 leather armour; a quokka skeleton
Things that are here:
a +0 club; a +0 leather armour; a quokka skeleton 2 orcs, an orc priest and an orc wizard come into view.
The orc shouts!
The orc wizard shouts!
The orc shouts!
You hear a shout!
The orc priest calls down the wrath of Beogh upon you.
Beogh smites you!
The orc wizard gestures at you while chanting.
The magic dart hits you.
The orc moves out of view.
There are monsters nearby!
There are monsters nearby!
You closely miss the orc. You hit the orc. You block the orc's attack.
The orc hits you but does no damage.
You closely miss the orc.
The orc wizard mumbles some strange words.
The orc wizard flickers and vanishes!
Deactivating autopickup; reactivate with Ctrl-A.
The orc hits you.
A goblin comes into view. It is wielding a +0 dagger.
The goblin shouts!
You hit the orc.
You kill the orc!
You hear a shout!
You closely miss something. You block something's attack.
The orc priest miscasts a cantrip.
You closely miss something.
You hear some strange, mumbled words.
A puff of flame appears from out of thin air!
The puff of flame hits you but does no damage.
The orc priest calls down the wrath of Beogh upon you.
Beogh smites you!
* * * LOW HITPOINT WARNING * * *
You miss something. Something hits you but does no damage.
Unknown command.
You closely miss something. Something hits you but does no damage.
You hear some strange, mumbled words.
Something tries to affect you, but you resist.
A magic dart appears from out of thin air!
The magic dart hits you.
You die...

..'.........+.......#
#.#.........####...##
#.##.......## #..##
#.###.....## #.## #.#
##...## #.# #.# ##+##
#.# #.# #)# .. #.# .
#@# ....####.#
....oo...# .##.######
.. ... 8.. ##########


There were no monsters in sight!

Vanquished Creatures
  An orc wizard (D:3)
  An orc priest (D:3)
  4 adders
  A gnoll (D:1)
  A worm (D:3)
  4 dart slugs
  6 orcs (D:3)
  3 giant cockroaches
  7 goblins
  3 hobgoblins
  4 jackals (D:1)
  2 quokkas (D:3)
  6 bats
  6 frilled lizards
  8 kobolds
  8 rats
65 creatures vanquished.

Notes
Turn   | Place    | Note
-------+----------+-------------------------------------------
     0 | D:1      | MrTaco21 the Gargoyle Fighter began the quest for the Orb.
     0 | D:1      | Reached XP level 1. HP: 14/14 MP: 1/1
   338 | D:1      | Reached XP level 2. HP: 15/19 MP: 2/2
   403 | D:1      | Reached skill level 3 in Maces & Flails
   481 | D:1      | Reached XP level 3. HP: 23/23 MP: 3/3
  1073 | D:2      | Reached skill level 4 in Maces & Flails
  1121 | D:2      | Found a shimmering blue altar of Sif Muna.
  1137 | D:2      | Reached XP level 4. HP: 28/28 MP: 4/4
  1300 | D:2      | Found an opulent altar of Gozag.
  1540 | D:3      | Found a hazy altar of Hepliaklqana.
  1741 | D:3      | Found a basalt altar of Yredelemnul.
  1757 | D:3      | Found an ancient bone altar of Kikubaaqudgha.
  1786 | D:3      | Reached skill level 5 in Maces & Flails
  1786 | D:3      | Reached XP level 5. HP: 14/32 MP: 5/5
  2432 | D:3      | Killed from afar by an orc wizard

Levels and vault maps discovered:
D:1:      lemuel_arrival_broad_hall, layout_loops_ring, minmay_misc_feat_chi
D:2:      layout_basic, grunt_gozag_statues, lemuel_doored_altar, first_ration
D:3:      kennysheep_the_goblin_king, layout_loops_corners,
          yredelemnul_altar_generic, nicolae_overflow_crystal_walls,
          kiku_gazebo_pond_becter, kennysheep_jessica_study

Skill      XL: |  1  2  3  4 |
---------------+-------------+-----
Maces & Flails | 3 4 5 |  5.6
Fighting       | |  3.2
Armour         | |  3.2
Shields        | |  3.2

Action                   |  1- 3 |  4- 6 || total
-------------------------+-------+-------++-------
Melee: Flail             |   115 |   124 ||   239
  Eat: Chunk             |     1 |     4 ||     5
Armor: Scale mail        |    70 |    76 ||   146
Dodge: Dodged            |    41 |    46 ||    87
Block: Kite shield       |    65 |    60 ||   125

Table legend:
 A = Non-vault XP
 B = Vault XP
 C = Vault XP percentage of total XP
 D = Non-vault monster count
 E = Vault monster count
 F = Vault count percentage of total count
                 A         B        C        D         E       F
            +---------+---------+-------+---------+---------+-------
      Total |     256 |       0 |   0.0 |      65 |       0 |   0.0
            +---------+---------+-------+---------+---------+-------
        D:1 |      56 |       0 |   0.0 |      27 |       0 |   0.0
        D:2 |      41 |       0 |   0.0 |      10 |       0 |   0.0
        D:3 |     159 |       0 |   0.0 |      28 |       0 |   0.0
            +---------+---------+-------+---------+---------+-------
